 Dungeon Crawl Stone Soup version 0.25-a0-308-geac79542e2 (webtiles) character file.

Game seed: 10540603527241886610, levelgen mode: deterministic

20 MisterFreud the Skirmisher (level 2, 0/28 HPs)
             Began as a Hill Orc Abyssal Knight on Dec 21, 2019.
             Was a Follower of Lugonu.
             Killed by divine providence
             ... invoked by an orc priest
              (17 damage)
             ... on level 2 of the Dungeon.
             The game lasted 00:01:32 (1082 turns).

MisterFreud the Skirmisher (HOAK)                   Turns: 1082, Time: 00:01:34

Health: 0/28       AC:  3    Str: 14    XL:     2   Next: 79%
Magic:  3/3        EV: 11    Int: 12    God:    Lugonu [*.....]
Gold:   37         SH:  0    Dex: 10    Spells: 1/1 levels left

rFire    . . .     SeeInvis .   a - +1 hand axe
rCold    . . .     Gourm    .   (no shield)
rNeg     . . .     Faith    .   b - +0 leather armour
rPois    .         Spirit   .   (no helmet)
rElec    .         Reflect  .   (no cloak)
rCorr    .         Harm     .   (no gloves)
MR       .....                  (no boots)
Stlth    +.........             (no amulet)
HPRegen  0.09/turn              (no ring)
MPRegen  0.08/turn              (no ring)

@: no status effects
A: no striking features
a: Depart the Abyss, Renounce Religion, Convert to Beogh


You were on level 2 of the Dungeon.
You worshipped Lugonu.
Lugonu was aware of your devotion.
You were hungry.

You visited 1 branch of the dungeon, and saw 2 of its levels.
You visited the Abyss 1 time.

You collected 37 gold pieces.

Inventory:

Hand Weapons
 a - a +1 hand axe (weapon)
Armour
 b - a +0 leather armour (worn)
Potions
 e - a potion of heal wounds {unknown}
 f - a potion of degeneration {unknown}
Comestibles
 c - a ration


   Skills:
 * Level 4.8 Fighting
 - Level 2.6 Axes
 - Level 2.1 Armour
 - Level 0.7 Dodging
 - Level 2.4 Invocations


You had one spell level left.
You didn't know any spells.
Your spell library was empty.

Dungeon Overview and Level Annotations

Branches:
Dungeon (2/15)

Altars:


Message History

The orc priest looks satisfied for a moment.
You are feeling hungry.
You hit the orc.
The orc is moderately wounded.
The orc closely misses you.
You hit the orc but do no damage.
An adder comes into view.
The orc priest mumbles some strange prayers to Beogh against you.
Beogh smites you!
The adder hisses angrily.
You hit the orc.
The orc is lightly wounded.
The orc closely misses you.
You barely miss the orc.
The orc is lightly wounded.
The orc closely misses you.
The orc priest invokes the aid of Beogh against you.
Beogh smites you!
Ouch! That really hurt!
You die...

#. #.. #.## #.#
.....>. #..#.##
#.....
#..#.##########
#.............#
.....##.########.#
... #@# #.# . #o#
#.# ##o###
#.####### #.o..#
#...)....
#S...##############
+....'.......#
#.[..#######.#
##'### #.....# #.#
#.....#


You could see an orc priest, an adder and 2 orcs.

Vanquished Creatures
  An adder (D:2)
  A leopard gecko (D:1)
  A goblin (D:2)
  2 jackals (D:1)
  3 bats
  A kobold (D:2)
  2 rats (D:1)
11 creatures vanquished.

Notes
Turn   | Place    | Note
-------+----------+-------------------------------------------
     0 | Abyss:1  | MisterFreud the Hill Orc Abyssal Knight began the quest for
                  | the Orb.
     0 | Abyss:1  | Reached XP level 1. HP: 19/19 MP: 2/2
    11 | D:1      | Escaped the Abyss
   319 | D:1      | Reached skill level 4 in Fighting
   344 | D:1      | Reached XP level 2. HP: 27/27 MP: 3/3
   504 | D:2      | HP: 1/28 [poisoned by an adder]
  1082 | D:2      | Killed from afar by an orc priest

Levels and vault maps discovered:
D:1:      minmay_arrival_semitransparent, layout_basic, hex_medium
D:2:      minmay_roachtagon, layout_basic

Skill      XL: |  1 |
---------------+----+-----
Fighting       | 4 |  4.8
Axes           | |  2.6
Armour         | |  2.1
Dodging        | |  0.7
Invocations    | |  2.4

Action                   || total
-------------------------++-------
Melee: Hand axe          ||    49
Armor: Leather armour    ||    20
Dodge: Dodged            ||    36

Table legend:
 A = Non-vault XP
 B = Vault XP
 C = Vault XP percentage of total XP
 D = Non-vault monster count
 E = Vault monster count
 F = Vault count percentage of total count
                 A         B        C        D         E       F
            +---------+---------+-------+---------+---------+-------
      Total |      29 |       0 |   0.0 |      11 |       0 |   0.0
            +---------+---------+-------+---------+---------+-------
        D:1 |      11 |       0 |   0.0 |       7 |       0 |   0.0
        D:2 |      18 |       0 |   0.0 |       4 |       0 |   0.0
            +---------+---------+-------+---------+---------+-------
